 Dungeon Crawl Stone Soup version 0.31-a0-1405-g2bb1a01664 (webtiles) character file.

Game seed: 7080549962399394357

2751 Esekla the Thaumaturge (level 9, -1/46 HPs)
             Began as a Deep Elf Wanderer on Dec 25, 2023.
             Was a Believer of Vehumet.
             Slain by a wight
             ... wielding a +3 scimitar of freezing
              (3 damage)
             ... on level 10 of the Dungeon on Dec 26, 2023.
             The game lasted 01:16:01 (7754 turns).

Esekla the Thaumaturge (Deep Elf Wanderer)          Turns: 7754, Time: 01:16:01

Health: -1/46      AC: 14    Str:  6    XL:     9   Next: 41%
Magic:  12/23      EV: 13    Int: 21    God:    Vehumet [**....]
Gold:   392        SH:  0    Dex: 18    Spells: 14/24 levels left

rFire   . . .        c - +2 falchion (flame)
rCold   + . .        (no shield)
rNeg    + . .        z - +2 robe {rN+}
rPois   .            m - +0 helmet
rElec   .            D - +2 cloak
rCorr   .            (no gloves)
SInv    .            g - +1 pair of boots
Will    .....        (no amulet)
Stlth   +++          i - ring of protection from cold
HPRegen 0.27/turn    j - +4 ring of protection
MPRegen 0.18/turn

%: no passive effects
@: attractive
A: no striking features
a: Renounce Religion


You were on level 10 of the Dungeon.
You worshipped Vehumet.
Vehumet was pleased with you.
You visited 2 branches of the dungeon, and saw 11 of its levels.

You collected 392 gold pieces.

Inventory:

Hand Weapons
 c - a +2 falchion of flaming (weapon)
 r - a +2 vampiric trident
 s - a +4 vampiric dagger
Missiles
 o - 10 boomerangs (quivered)
 q - 13 poisoned darts
 F - a curare-tipped dart
Armour
 d - a +0 robe of fire resistance
 g - a +1 pair of boots (worn)
 m - a +0 helmet (worn)
 z - a +2 robe of positive energy (worn)
 D - a +2 cloak (worn)
Jewellery
 i - a ring of protection from cold (left hand)
 j - a +4 ring of protection (right hand)
 n - a ring of see invisible
 y - an amulet of faith
Wands
 k - a wand of flame (6)
 E - a wand of iceblast (5)
Scrolls
 e - a scroll of fog
 h - a scroll of summoning {unknown}
 l - a scroll of revelation {unknown}
 u - 3 scrolls of identify
 B - 2 scrolls of brand weapon
 C - 2 scrolls of noise
 G - a scroll of enchant weapon {unknown}
Potions
 b - a potion of enlightenment {unknown}
 p - 2 potions of attraction
 t - a potion of curing
 v - a potion of invisibility {unknown}
 w - 2 potions of resistance {unknown}
 x - 2 potions of mutation {unknown}
 A - a potion of berserk rage {unknown}


   Skills:
 + Level 0.9 Fighting
 + Level 2.4(2.6) Short Blades
 + Level 1.1(1.8) Long Blades
 + Level 2.0 Throwing
 + Level 1.0 Armour
 + Level 3.0 Dodging
 + Level 5.8 Stealth
 - Level 1.5 Unarmed Combat
 * Level 8.2 Spellcasting
 * Level 5.6 Conjurations
 * Level 4.0 Fire Magic
 + Level 5.6 Air Magic
 + Level 5.3 Alchemy
 + Level 0.7 Evocations


You had 14 spell levels left.
You knew the following spells:

 Your Spells              Type           Power      Damage    Failure   Level
a - Shock                 Conj/Air       100%       1d9       1%          1
c - Mephitic Cloud        Conj/Alch/Air  31%        N/A       2%          3
o - Scorch                Fire           50%        2d7       2%          2
y - Sticky Flame          Fire/Alch      28%        2d7       12%         4

Your spell library contained the following spells:

 Spells                   Type           Power      Damage    Failure   Level
 Swiftness                Air            32%        N/A       2%          3
 Inner Flame              Hex/Fire       17%        N/A       11%         3
 Flame Wave               Conj/Fire      28%        2d9       11%         4
 Call Imp                 Summ           16%        N/A       12%         2
 Sublimation of Blood     Necr           8%         N/A       12%         2
 Gell's Gravitas          Tloc           8%         N/A       24%         3
 Teleport Other           Tloc           8%         N/A       24%         3
 Dispersal                Tloc           4%         N/A       100%        6
 Summon Hydra             Summ           4%         N/A       100%        7


Dungeon Overview and Level Annotations

Branches:
Dungeon (10/15)            Temple (1/1) D:4
   Lair: D:8-11         Orc: D:9-12

Altars:
Ashenzari
Cheibriados
Dithmenos
Elyvilon
Gozag
Kikubaaqudgha
Nemelex Xobeh
Okawaru
Qazlal
Ru
Trog
Uskayaw
Vehumet
Wu Jian
Xom
Yredelemnul

Annotations:
D:3 1 runed translucent door, Grinder; Reconn's ghost, amateur OpBe


Message History

The wight is no longer more vulnerable to fire.
The killer bee stings you but does no damage. x3
The wight hits you with a +3 scimitar of freezing.
The killer bee stings you but does no damage.
Casting: Scorch (safe; 2% risk of failure)
Confirm with . or Enter, or press ? or * to list all spells.
Flames lash the wight.
The wight is severely damaged.
The wight's fire resistance burns away.
You hear an angry buzzing noise.
The killer bee barely misses you.
The killer bee stings you but does no damage.
The killer bee barely misses you. The wight hits you but does no damage.
The killer bee misses you.
Casting: Scorch (safe; 2% risk of failure)
Confirm with . or Enter, or press ? or * to list all spells.
Flames lash the killer bee.
The killer bee is burned terribly!
The killer bee is almost dead.
You hear an angry buzzing noise.
The killer bee stings you.
You are poisoned.
The killer bee poisons you!
The killer bee stings you but does no damage.
The killer bee stings you! The wight barely misses you.
The killer bee stings you but does no damage.
You feel better.
The killer bee stings you but does no damage.
The killer bee misses you. The killer bee stings you.
The wight hits you with a +3 scimitar of freezing!
* * * LOW HITPOINT WARNING * * *
The wight freezes you.
* * * LOW HITPOINT WARNING * * *
The killer bee misses you.
It was a potion of attraction.
You feel attractive to monsters. The killer bee misses you.
The killer bee closely misses you. The killer bee stings you.
* * * LOW HITPOINT WARNING * * *
The wight hits you with a +3 scimitar of freezing.
You die...

..##.......
...#.......
.......... ...##
.........# .....
.........# ......
.........# ......
.z.....<.#####......
..##z...y.##........
..........#@y.......
.z.....)..z#y##....
...........#.# .
...........(.#
.........##[.....#
..........###...##
......... ......
...#.## .....! ..##
......


You could see 2 killer bees and a wight.

Vanquished Creatures
  Sigmund (D:3)
  A steam dragon (D:6)
  3 water moccasins
  An ice beast (D:7)
  An orc warrior (D:6)
  A black bear (D:4)
  2 ogres
  A centaur (D:9)
  A kobold brigand (D:7)
  2 gnoll sergeants
  2 bullfrogs (D:7)
  3 scorpions
  4 wights (D:5)
  3 killer bees (D:9)
  2 jellies
  A hound (D:7)
  3 orc priests (D:6)
  Ijyb (D:4)
  4 sleepcaps
  Terence (D:3)
  An iguana (D:7)
  4 orc wizards
  Robin (D:4)
  9 gnolls
  6 adders
  3 white imps
  2 ufetubi (D:7)
  A worm (D:2)
  A dart slug (D:4)
  27 orcs
  7 bats
  8 endoplasms
  A giant cockroach (D:4)
  13 goblins
  6 hobgoblins
  7 jackals
  2 quokkas
  8 ball pythons
  4 frilled lizards
  11 kobolds
  5 rats
165 creatures vanquished.

Notes
Turn   | Place    | Note
-------+----------+-------------------------------------------
     0 | D:1      | Esekla the Deep Elf Wanderer began the quest for the Orb.
     0 | D:1      | Esekla set off with the following items: a +0 dagger, a +0
                  | cloak, a scroll of blinking, a +0 robe, a scroll of fog;
                  | and the following spell memorised: Shock; and the following
                  | spells available to memorise: Swiftness, Mephitic Cloud.
     0 | D:1      | Reached XP level 1. HP: 10/10 MP: 5/5
   318 | D:2      | Reached skill level 1 in Conjurations
   454 | D:2      | Reached XP level 2. HP: 15/15 MP: 3/6
   490 | D:2      | Reached skill level 2 in Spellcasting
  1130 | D:1      | Reached XP level 3. HP: 16/19 MP: 4/8
  1134 | D:1      | Learned a level 3 spell: Mephitic Cloud
  1826 | D:2      | Reached XP level 4. HP: 11/24 MP: 2/9
  1972 | D:2      | Reached skill level 1 in Alchemy
  2098 | D:2      | Found a faded altar of an unknown god.
  2209 | D:3      | Noticed Grinder
  2221 | D:3      | Paralysed by Grinder for 2 turns
  2387 | D:3      | Found a runed translucent door.
  2388 | D:3      | Noticed Reconn's ghost (amateur OpBe)
  2412 | D:4      | Noticed Ijyb
  2412 | D:4      | Noticed a scorpion
  2425 | D:4      | Killed a scorpion
  2426 | D:4      | Reached skill level 3 in Spellcasting
  2426 | D:4      | Reached XP level 5. HP: 28/28 MP: 5/11
  2436 | D:4      | Killed Ijyb
  2548 | D:3      | Noticed Sigmund
  2582 | D:3      | Killed Sigmund
  2583 | D:3      | Reached skill level 1 in Short Blades
  2583 | D:3      | Reached XP level 6. HP: 22/32 MP: 0/13
  2745 | D:3      | Noticed Terence
  2789 | D:3      | Found a snail-covered altar of Cheibriados.
  2793 | D:3      | Paralysed by Grinder for 5 turns
  2953 | D:4      | Noticed Robin
  2985 | D:4      | Killed Robin
  2986 | D:4      | Reached skill level 4 in Spellcasting
  2990 | D:4      | Reached XP level 7. HP: 35/36 MP: 5/15
  3283 | D:4      | Reached skill level 5 in Spellcasting
  3298 | D:4      | Found a staircase to the Ecumenical Temple.
  3337 | Temple   | Entered the Ecumenical Temple
  3374 | Temple   | Became a worshipper of Vehumet
  4132 | D:3      | Killed Terence
  4404 | D:5      | Entered Level 5 of the Dungeon
  4640 | D:5      | Learned a level 4 spell: Sticky Flame
  5350 | D:6      | Reached skill level 5 in Air Magic
  5350 | D:6      | Reached XP level 8. HP: 29/42 MP: 18/18
  5420 | D:6      | Reached skill level 1 in Fire Magic
  5678 | D:6      | Reached skill level 1 in Throwing
  5684 | D:6      | Reached skill level 6 in Spellcasting
  5852 | D:6      | Reached skill level 5 in Conjurations
  6055 | D:6      | Reached * piety under Vehumet
  6055 | D:6      | Offered knowledge of Sting by Vehumet.
  6338 | D:6      | Reached skill level 7 in Spellcasting
  6495 | D:7      | Reached skill level 5 in Stealth
  6594 | D:7      | Reached XP level 9. HP: 46/46 MP: 2/22
  6628 | D:7      | Reached skill level 5 in Alchemy
  6929 | D:7      | Identified the +3 leather armour of the Lost Path {rElec
                  | rC- rN++ Dex+3}
  6951 | D:7      | Reached ** piety under Vehumet
  6954 | D:7      | Offered knowledge of Scorch by Vehumet.
  7028 | D:6      | Learned a level 2 spell: Scorch
  7213 | D:7      | Reached skill level 1 in Long Blades
  7504 | D:7      | Found a sacrificial altar of Ru.
  7558 | D:9      | Reached skill level 8 in Spellcasting
  7583 | D:9      | Found a broken altar of Ashenzari.
  7584 | D:9      | Found a basalt altar of Yredelemnul.
  7681 | D:9      | Noticed a death yak
  7681 | D:9      | Noticed a death yak
  7682 | D:9      | Noticed a death yak
  7682 | D:9      | Noticed a death yak
  7721 | D:9      | Noticed a death yak
  7721 | D:9      | Noticed a death yak
  7739 | D:10     | Entered Level 10 of the Dungeon
  7754 | D:10     | HP: 2/46 [killer bee (4)]
  7754 | D:10     | Slain by a wight

Illustrated notes

Levels and vault maps discovered:
D:1:      dpeg_arrival_simpleton_a, layout_basic, serial_glass, glass_columns_b,
          glass_columns_a, glass_columns_c, glass_columns_c, hex_large,
          st_stairs_1, grunt_decor_junction
D:2:      layout_basic, dilly_ecumenical_altar_fadedgnrine
D:3:      layout_basic, cheibrodos_worm_habitat, gammafunk_ghost_grave,
          uniq_sigmund, uniq_terence, uniq_grinder
D:4:      layout_layer_cave, minmay_temple_entry_purple_smoke, uniq_robin,
          uniq_ijyb
D:5:      layout_rooms, serial_bayou_crossing
D:6:      layout_loops_ring, minivault_10, kennysheep_crisscross,
          nicolae_the_louvre
D:7:      layout_basic, nicolae_ru_the_path_less_chosen
D:8:      layout_cave_pools, kennysheep_orc_sif_temple, zin_statuary,
          nicolae_tso_besieged_by_evil, serial_gnoll_camp, gnoll_camp_medium_02,
          gnoll_camp_huts_basic, gnoll_camp_mini_basic, gnoll_camp_medium_01,
          gnoll_camp_mini_hut, gnoll_camp_mini_sergeant,
          gup_ossuary_entry_pyramid
D:9:      layout_rooms, nicolae_overflow_squiral, fedhas_ov_isle_minmay,
          makhleb_altar_promises_db, dpeg_lair_monsters,
          ploomutoo_gammafunk_ghost_potion_laboratory, special_room
          [special_room_kobold], uniq_psyche
D:10:     layout_cave_pools, mainiacjoe_overflow_boulevard,
          kennysheep_generic_room_14
Temple:   minmay_temple_bridge_abc

Skill      XL: |  1  2  3  4  5  6  7  8  9 |
---------------+----------------------------+-----
Conjurations   | 1 2 3 4 5 |  5.6
Spellcasting   | 2 3 4 5 7 8 |  8.2
Alchemy        | 2 3 4 5 |  5.3
Stealth        | 2 3 4 5 |  5.8
Dodging        | 2 3 |  3.0
Short Blades   | 1 2 |  2.4
Air Magic      | 5 |  5.6
Fire Magic     | 2 4 |  4.0
Throwing       | 1 2 |  2.0
Long Blades    | 1 |  1.1
Fighting       | |  0.9
Armour         | |  1.0
Unarmed Combat | |  1.5
Evocations     | |  0.7

Action                     |  1- 3 |  4- 6 |  7- 9 || total
---------------------------+-------+-------+-------++-------
  Melee: Dagger            |    43 |    66 |    63 ||   172
         Punch             |     1 |     2 |     3 ||     6
         Falchion          |       |       |    56 ||    56
  Throw: Dart              |       |    10 |    15 ||    25
         Boomerang         |       |       |    13 ||    13
   Cast: Shock             |    61 |    31 |    84 ||   176
         Mephitic Cloud    |     2 |     8 |    22 ||    32
         Sticky Flame      |       |       |    16 ||    16
         Scorch            |       |       |    13 ||    13
  Evoke: Wand              |       |     2 |    14 ||    16
    Use: Scroll            |       |       |     8 ||     8
         Potion            |       |       |     4 ||     4
   Stab: Sleeping          |     3 |     4 |     4 ||    11
         Confused          |     2 |     9 |    14 ||    25
         Distracted        |       |     1 |       ||     1
 Armour: Robe              |    40 |    16 |   111 ||   167
  Dodge: Dodged            |    48 |    28 |   136 ||   212

Table legend: (Time is in decaauts)
 A = Elapsed time spent in this place.
 B = Non-inter-level travel time spent in this place.
 C = Inter-level travel time spent in this place.
 D = Time resting spent in this place.
 E = Time spent auto-exploring this place.
 F = Levels seen in this place.
 G = Mean time per level.
                   A        B        C        D        E       F      G
               +--------+--------+--------+--------+--------+-----+--------+
         Total |   7765 |   7522 |    243 |   1172 |   2585 |  11 |  705.9 |
       Dungeon |   7706 |   7484 |    222 |   1172 |   2585 |  10 |  770.6 |
        Temple |     58 |     37 |     21 |      0 |      0 |   1 |   58.0 |
               +--------+--------+--------+--------+--------+-----+--------+

Top non-repeatable levels by time:
     D:4: 1346 daAuts
     D:1: 1139 daAuts
     D:7: 1128 daAuts
     D:2: 1120 daAuts
     D:6: 1103 daAuts
     D:3: 962 daAuts
     D:5: 688 daAuts
     D:9: 184 daAuts
  Temple: 58 daAuts
     D:8: 17 daAuts
    D:10: 14 daAuts
